 Dungeon Crawl Stone Soup version 0.22-a0-83-g218e7ff (webtiles) character file.

282 KristoblXynda the Cudgeler (level 6, -4/76 HPs)
             Began as a Draconian Fighter on Jan 18, 2018.
             Was a Follower of Qazlal.
             Slain by a gnoll
             ... wielding a +0 spear
              (5 damage)
             ... on level 3 of the Dungeon on Jan 19, 2018.
             The game lasted 00:08:02 (3812 turns).

KristoblXynda the Cudgeler (Draconian Fighter)      Turns: 3812, Time: 00:08:03

Health: -4/76      AC: 23    Str: 24    XL:     6   Next: 6%
Magic:  6/6        EV:  2    Int:  9    God:    Qazlal [*.....]
Gold:   105        SH: 11    Dex: 11    Spells: 5/5 levels left

rFire    + + .     SeeInvis .   a - +0 flail
rCold    + . .     Gourm    .   b - +0 shield
rNeg     + + +     Faith    .   (armour unavailable)
rPois    +         Spirit   .   (helmet currently unavailable)
rElec    +         Reflect  .   (cloak currently unavailable)
rCorr    +         Harm     .   (gloves currently unavailable)
MR       .....     NoTele   +   (boots currently unavailable)
Stlth    +.........             (no amulet)
HPRegen  0.22/turn              s - ring of resist corrosion
MPRegen  0.10/turn              f - ring of protection from fire

@: mighty, tree-form, resistant, hasted, very quick
A: unfitting armour, AC +6
a: Renounce Religion


You were on level 3 of the Dungeon.
You worshipped Qazlal.
Qazlal was aware of your devotion.
You were not hungry.
You were a tree.
You visited 1 branch of the dungeon, and saw 3 of its levels.

You collected 105 gold pieces.

Inventory:

Hand Weapons
 a - a +0 flail (weapon)
Armour
 b - a +0 shield (worn)
Jewellery
 f - a ring of protection from fire (right branch)
 s - a ring of resist corrosion (left branch)
Scrolls
 h - 2 scrolls of teleportation {unknown}
 i - a scroll of enchant armour {unknown}
 o - a scroll of remove curse {unknown}
 p - a scroll of enchant weapon {unknown}
Potions
 c - 2 potions of might
 g - a potion of brilliance
 j - a potion of lignification
 k - a potion of degeneration
 l - a potion of invisibility
 n - a potion of magic
Comestibles
 d - 8 rations


   Skills:
 - Level 3.2 Fighting
 * Level 4.3 Maces & Flails
 + Level 4.2 Dodging
 - Level 4.2 Shields


You had 5 spell levels left.
You didn't know any spells.

Dungeon Overview and Level Annotations

Branches:
Dungeon (3/15)

Altars:
Nemelex Xobeh
Qazlal
Sif Muna
Trog
Wu Jian


Innate Abilities, Weirdness & Mutations

((Your plain brown scales are hard. (AC +6)))
You cannot fit into any form of body armour.
((You are cold-blooded and may be slowed by cold attacks.))


Message History

The big kobold hits you but does no damage.
You closely miss the big kobold.
The big kobold is severely wounded.
The gnoll completely misses you.
The big kobold hits you but does no damage.
The gnoll hits you but does no damage. The big kobold hits you.
* * * LOW HITPOINT WARNING * * *
A hobgoblin comes into view. It is wielding a club.
You sock the big kobold!
You kill the big kobold!
Qazlal accepts your kill.
Your Maces & Flails skill increases to level 4!
You have reached level 6!
Your experience leads to an increase in your attributes!
Your base attributes are Str 19, Int 9, Dex 10.
Increase (S)trength, (I)ntelligence, or (D)exterity?
You feel agile.
Your scales feel tougher.
The big kobold hits you but does no damage.
The gnoll hits you from afar with a spear.
You die...

≈≈≈≈≈≈≈≈≈≈≈≈≈≈≈≈≈≈≈≈....≈≈≈≈≈≈≈
≈≈≈≈≈≈≈≈≈≈≈≈≈≈≈≈≈≈≈≈....≈≈≈≈≈≈≈
≈≈≈≈≈≈≈≈≈≈≈≈≈≈≈≈≈≈≈≈)...≈≈≈≈≈≈≈
#####################''########
.## ##.....#)......#....#
..###......'.).....#....#
..(#.......#########....##
...#..........g...#......#
(..(.)......Kgg§♣)'......+
...#.)...g....KKK)#......#
...#.......#########....##
..###......')......#....# .##
##.....#)......#....# ##
####################


You could see 2 big kobolds, 2 gnolls, a hobgoblin, a goblin and 2 kobolds.

Vanquished Creatures
  A big kobold (D:3)
  An orc priest (D:3)
  Jessica (D:2)
  4 gnolls (D:3)
  2 oozes
  A worm (D:3)
  3 dart slugs
  4 leopard geckos
  5 orcs
  A giant cockroach (D:1)
  20 goblins
  13 hobgoblins
  12 kobolds
  2 quokkas (D:2)
  A ball python (D:1)
  8 bats
  2 frilled lizards
  9 rats
90 creatures vanquished.

Notes
Turn   | Place    | Note
-------+----------+-------------------------------------------
     0 | D:1      | KristoblXynda the Draconian Fighter began the quest for the Orb.
     0 | D:1      | Reached XP level 1. HP: 19/19 MP: 1/1
   421 | D:1      | Reached XP level 2. HP: 24/26 MP: 2/2
   906 | D:1      | Reached XP level 3. HP: 14/31 MP: 3/3
  1998 | D:2      | Noticed Jessica
  2012 | D:2      | Killed Jessica
  2012 | D:2      | Reached XP level 4. HP: 35/38 MP: 4/4
  2173 | D:2      | Found an ornate altar of the Wu Jian Council.
  2174 | D:2      | Found a bloodstained altar of Trog.
  2194 | D:2      | Found a sparkling altar of Nemelex Xobeh.
  2224 | D:2      | Found a stormy altar of Qazlal.
  2242 | D:2      | Found a stormy altar of Qazlal.
  2249 | D:2      | Found a deep blue altar of Sif Muna.
  2835 | D:3      | HP: 1/38 [orc priest/divine providence (16)]
  2841 | D:3      | Reached XP level 5. HP: 27/45 MP: 5/5
  3001 | D:2      | Became a worshipper of Qazlal Stormbringer
  3230 | D:3      | Upgraded the game from 0.22-a0-81-g7478db5 to 0.22-a0-83-g218e7ff
  3783 | D:3      | Reached * piety under Qazlal
  3809 | D:3      | HP: 1/67 [gnoll/spear (4)]
  3812 | D:3      | Reached XP level 6. HP: 1/51 MP: 6/6
  3812 | D:3      | Slain by a gnoll

Vault maps used:
D:1:      minmay_arrival_three_doors, minmay_fountain_box,
          minmay_misc_feat_encased, serial_bayou_lake_a
D:2:      old_standard_altar, nicolae_overflow_hidden_temple, first_ration,
          nicolae_qazlal_eye_of_the_storm, uniq_jessica
D:3:      minmay_goblin_kobold_castle, uniq_crazy_yiuf_cottage, uniq_grinder

Skill      XL: |  1  2  3  4  5 |
---------------+----------------+-----
Dodging        | 3 4 |  4.2
Maces & Flails | 3 4 |  4.3
Shields        | 4 |  4.2
Fighting       | |  3.2

Action                   |  1- 3 |  4- 6 || total
-------------------------+-------+-------++-------
Melee: Flail             |   167 |   166 ||   333
       Tailslap          |    19 |    14 ||    33
  Use: Potion            |       |     6 ||     6
       Scroll            |       |     4 ||     4
 Stab: Sleeping          |     1 |       ||     1
  Eat: Chunk             |     4 |     6 ||    10
Armor: Skin              |    69 |    80 ||   149
Dodge: Dodged            |    88 |   119 ||   207
Block: Shield            |   111 |   135 ||   246

Table legend:
 A = Spawn XP
 B = Non-spawn XP
 C = Spawn XP percentage of total XP
 D = Spawn monster count
 E = Non-spawn monster count
 F = Spawn count percentage of total count
 G = Total turns spent on level
                    A         B        C        D         E        F      G
               +---------+---------+-------+---------+---------+-------+---------
         Total |       0 |     404 |   0.0 |       0 |      90 |   0.0 |  3812
               +---------+---------+-------+---------+---------+-------+---------
           D:1 |       0 |      60 |   0.0 |       0 |      29 |   0.0 |  1503
           D:2 |       0 |      89 |   0.0 |       0 |      24 |   0.0 |  1402
           D:3 |       0 |     255 |   0.0 |       0 |      37 |   0.0 |   907
               +---------+---------+-------+---------+---------+-------+---------
